 Dungeon Crawl Stone Soup version 0.28.0 (webtiles) character file.

Game seed: 13373246587869561782

1187 Hasart the Slasher (level 8, 0/60 (66) HPs)
             Began as a Demigod Fighter on Feb 14, 2022.
             Slain by a wight (10 damage)
             ... on level 7 of the Dungeon.
             The game lasted 00:08:40 (5556 turns).

Hasart the Slasher (Demigod Fighter)                Turns: 5556, Time: 00:08:40

HP:   0/60 (66)     AC: 12    Str: 17    XL:     8   Next: 0%
MP:   10/10         EV:  6    Int: 10    God:
Gold: 206           SH:  6    Dex: 21    Spells: 7/7 levels left

rFire   . . .      SeeInvis .   z - +0 scimitar
rCold   . . .      Faith    .   c - +0 buckler
rNeg    . . .      Spirit   .   n - +0 plate armour
rPois   .          Reflect  .   (no helmet)
rElec   .          Harm     .   (no cloak)
rCorr   .          Rampage  .   (no gloves)
Will    .....                   (no boots)
Stlth   ..........              (no amulet)
HPRegen 0.20/turn               (no ring)
MPRegen 0.12/turn               (no ring)

@: drained
A: high MP 1, forlorn, divine attributes
a: no special abilities


You were on level 7 of the Dungeon.
You visited 1 branch of the dungeon, and saw 7 of its levels.
You also visited: Sewer.

You collected 206 gold pieces.

Inventory:

Hand Weapons
 z - a +0 scimitar (weapon)
Missiles
 o - 13 poisoned darts (quivered)
Armour
 c - a +0 buckler (worn)
 n - a +0 plate armour (worn)
Jewellery
 f - a ring of ice
 v - a ring of fire
Scrolls
 b - a scroll of enchant armour {unknown}
 e - 2 scrolls of magic mapping {unknown}
 g - a scroll of amnesia {unknown}
 h - a scroll of summoning {unknown}
 j - 2 scrolls of fear {unknown}
 m - a scroll of torment {unknown}
 q - 3 scrolls of enchant weapon {unknown}
 s - 2 scrolls of teleportation {unknown}
 u - a scroll of identify {unknown}
 x - a scroll of immolation {unknown}
 y - a scroll of fog {unknown}
Potions
 d - 2 potions of might
 i - a potion of ambrosia {unknown}
 k - 2 potions of curing {unknown}
 l - 2 potions of heal wounds {unknown}
 p - 3 potions of brilliance {unknown}
 r - a potion of berserk rage {unknown}
 t - 2 potions of mutation {unknown}
 w - a potion of flight {unknown}


   Skills:
 + Level 4.2 Fighting
 * Level 5.1 Long Blades
 + Level 2.8 Throwing
 + Level 4.4 Armour
 + Level 3.1 Dodging
 + Level 4.2 Shields


You had 7 spell levels left.
You didn't know any spells.
Your spell library contained the following spells:

 Spells                   Type           Power      Damage    Failure   Level
 Sting                    Tmut/Pois      0%         1d3       100%        1
 Poisonous Vapours        Pois/Air       0%         N/A       100%        2
 Olgreb's Toxic Radiance  Pois           0%         N/A       100%        4


Dungeon Overview and Level Annotations

Branches:
Dungeon (8/15)              Sewer (visited)
 Temple: D:4-7         Lair: D:8-11


Innate Abilities, Weirdness & Mutations

You have an increased reservoir of magic. (+10% MP)
You shall have no god before yourself.
Your divine heritage dramatically boosts your attributes as you level up.


Message History

You destroy the wight!
The wight throws a poisoned dart.
The poisoned dart barely misses you.
You barely miss the wight. You block the wight's attack.
You hit the wight.
The wight is lightly damaged.
The wight hits you but does no damage.
You slash the wight!
The wight is almost destroyed.
The wight hits you with a +0 war axe!
You feel drained. The wight hits you with a +0 war axe!
You barely miss the wight.
The wight is almost destroyed.
The wight closely misses you.
You slash the wight!
You destroy the wight!
You have reached level 8!
You start resting.
A wight comes into view. It is wielding a +1 battleaxe.
Things that are here:
a +0 falchion; a +0 robe; 8 gold pieces You hit the wight but do no damage.
The wight hits you with a +1 battleaxe!
You feel drained.
* * * LOW HITPOINT WARNING * * *
You hit the wight but do no damage.
A wight comes into view. It is wielding a +0 great sword.
The wight hits you with a +1 battleaxe.
* * * LOW HITPOINT WARNING * * *
You hit the wight but do no damage. The wight hits you but does no damage.
You slash the wight!
The wight is severely damaged.
The wight hits you with a +1 battleaxe.
* * * LOW HITPOINT WARNING * * *
You feel drained.
* * * LOW HITPOINT WARNING * * *
A wight comes into view. It is wielding a +2 scimitar.
Press: ? - help, v - describe, . - travel
Here: a wight, wielding a +2 scimitar and wearing a +0 robe (wandering, hasn't noticed you)
The floor.
The wight hits you with a +1 battleaxe!
You die...

.. ... .# .....
##+# .#.# ... #..#
### ..z. #... ..#
.##.## ##..# #.#
.###.###...# #.#
........#..# #@#
...###.....#####z#
##.###.......z...#
#.[.......#######
##.##...#..#
....>...#..#
..###.#.#..#
...)..)....#
#.#####.####


You could see a wight.

Vanquished Creatures
  A black bear (D:7)
  A necrophage (D:4)
  An ogre (D:4)
  A kobold brigand (Sewer)
  A scorpion (D:4)
  4 wights
  3 howler monkeys
  4 hounds
  A bullfrog skeleton (D:5)
  A scorpion zombie (D:5)
  A centaur skeleton (D:7)
  A hound zombie (D:5)
  A hound skeleton (D:4)
  18 adders
  2 river rats (Sewer)
  A white imp (D:5)
  An ufetubus (D:4)
  6 worms
  2 dart slugs
  2 orcs
  7 bats
  3 endoplasms
  6 giant cockroaches
  5 goblins
  7 hobgoblins
  9 jackals
  12 kobolds
  3 quokkas (D:2)
  4 ball pythons
  4 frilled lizards
  7 rats
  A spectral kobold (D:1)
121 creatures vanquished.

Notes
Turn   | Place    | Note
-------+----------+-------------------------------------------
     0 | D:1      | Hasart the Demigod Fighter began the quest for the Orb.
     0 | D:1      | Reached XP level 1. HP: 18/18 MP: 3/3
    68 | D:1      | Reached skill level 2 in Long Blades
   214 | D:1      | Reached XP level 2. HP: 21/25 MP: 4/4
   861 | D:2      | Reached XP level 3. HP: 20/30 MP: 5/5
  1061 | D:2      | Reached skill level 1 in Dodging
  1696 | D:2      | Reached XP level 4. HP: 38/38 MP: 6/6
  1844 | D:3      | Found a glowing drain.
  1912 | D:3      | Reached skill level 3 in Long Blades
  1932 | Sewer    | Entered a sewer
  2423 | Sewer    | Noticed a kobold brigand
  2444 | Sewer    | Killed a kobold brigand
  2445 | Sewer    | Reached skill level 1 in Throwing
  2445 | Sewer    | Reached XP level 5. HP: 11/45 MP: 7/7
  3393 | D:3      | Reached XP level 6. HP: 48/51 MP: 8/8
  4122 | D:4      | Reached skill level 4 in Long Blades
  4291 | D:4      | Reached XP level 7. HP: 58/58 MP: 9/9
  4648 | D:5      | Entered Level 5 of the Dungeon
  5011 | D:5      | You fall into a shaft and drop 2 floors!
  5409 | D:8      | Reached skill level 5 in Long Blades
  5517 | D:7      | Reached XP level 8. HP: 20/63 MP: 10/10
  5556 | D:7      | Slain by a wight

Illustrated notes

Levels and vault maps discovered:
D:1:      lightli_arrival_statuegarden, layout_rooms,
          dreamdust_ecumenical_altar_drowned_temple
D:2:      layout_loops_cross, basic_altar, grunt_ministairs_13
D:3:      layout_rooms, gup_sewer_entry_glass
D:4:      layout_basic, gammafunk_temple_overflow_pools
D:5:      layout_basic, uniq_menkaure
D:7:      layout_loops_ring, amcnicky_altar_gilded, minivault_22,
          minmay_misc_feat_rugged
D:8:      layout_basic, mainiacjoe_overflow_tiny_flanked, grunt_decor_fettered,
          kennysheep_decorative_pillar, uniq_joseph

Skill      XL: |  1  2  3  4  5  6  7 |
---------------+----------------------+-----
Long Blades    | 2 3 4 5 |  5.1
Armour         | 3 4 |  4.4
Fighting       | 3 4 |  4.2
Shields        | 3 4 |  4.2
Dodging        | 1 2 3 |  3.1
Throwing       | 1 2 |  2.8

Action                   |  1- 3 |  4- 6 |  7- 9 || total
-------------------------+-------+-------+-------++-------
Melee: Long sword        |   143 |   260 |    82 ||   485
       Scimitar          |       |       |    54 ||    54
Throw: Dart              |       |     8 |       ||     8
Armor: Scale mail        |    69 |       |       ||    69
       Plate armour      |    19 |   171 |    87 ||   277
Dodge: Dodged            |    77 |    64 |    52 ||   193
Block: Buckler           |    46 |    73 |    43 ||   162
